Map: Ruins of Endion

Players

Zeus

  • Race: Zerg Zerg
  • League: Silver

capac - Winner!

  • Race: Terran Terran
  • League: Gold

VOD

Have the link to the VOD?

Description

Time

  • Played on: April 25, 2016, 10:13 p.m.
  • Length: 24:41
Show
View Real Time Build Order
Export as new Build Order

Zeus Zerg 

Build Orders: Pool First 

Get SALT Encoding   

  12  0:02  Drone  
  13  0:10  Drone  
  14  0:18  Overlord  
  14  0:36  Spawning Pool  
  14  0:39  Drone  
  14  0:43  Drone  
  14  0:47  Drone  
  16  0:52  Drone  
  17  1:04  Drone  
  18  1:14  Drone  
  19  1:25  Hatchery  
  19  1:29  Zergling x2  
  19  1:32  Queen  
  19  1:39  Drone  
  22  1:47  Overlord  
  22  2:07  Extractor  
  20  2:30  Drone x3  
  20  2:36  Roach Warren  
  22  2:43  Extractor  
  21  2:45  Zergling x2  
  22  3:05  Queen  
  22  3:09  Extractor  
  23  3:15  Drone x3  
  26  3:22  Drone x3  
  29  3:37  Baneling Nest  
  27  3:51  Drone x2  
  29  3:57  Metabolic Boost  
  29  4:00  Zergling x2  
  29  4:01  Zergling x10  
  35  4:06  Overlord  
  35  4:18  Spore Crawler  
  35  4:24  Overlord  
  34  4:28  Roach x3  
  40  4:58  Evolution Chamber  
  39  5:01  Evolution Chamber  
  39  5:03  Spore Crawler  
  39  5:05  Drone x3  
  39  5:06  Drone  
  41  5:11  Drone x3  
  41  5:12  Overlord x2  
  44  5:21  Ravager x2  
  46  5:23  Drone  
  46  5:27  Zerg Ground Armor Level 1  
  47  5:28  Zerg Missile Weapons Level 1  
  47  5:29  Lair  
  47  5:36  Roach x4  
  55  5:57  Drone  
  55  5:58  Drone x2  
  58  6:09  Burrow  
  58  6:22  Zergling x2, Roach x3  
  58  6:23  Zergling x2  
  65  6:29  Drone x2  
  65  6:30  Overlord x2  
  67  7:02  Extractor  
  66  7:18  Spore Crawler  
  66  7:20  Overlord x3  
  65  7:34  Hatchery  
  65  7:36  Zerg Missile Weapons Level 2, Zerg Melee Weapons Level 1  
  64  7:37  Centrifical Hooks  
  64  7:43  Baneling x7  
  64  7:44  Baneling x2  
  64  7:47  Drone x3  
  64  7:50  Drone x3  
  70  7:51  Zergling x2  
  70  7:52  Roach  
  70  7:54  Glial Reconstitution  
  73  8:03  Hydralisk Den  
  73  8:05  Pneumatized Carapace  
  72  8:06  Drone  
  72  8:41  Baneling x2  
  72  8:44  Hydralisk x3  
  72  8:45  Hydralisk  
  80  8:49  Muscular Augments  
  80  8:52  Drone  
  80  8:55  Queen  
  81  8:58  Overlord  
  81  8:59  Overlord  
  83  9:09  Spire  
  82  9:21  Infestation Pit  
  82  9:23  Spore Crawler  
  80  9:27  Drone x3  
  83  9:35  Spore Crawler  
  83  9:36  Spore Crawler  
  81  9:45  Zerg Ground Armor Level 2  
  81  9:51  Zergling x2  
  81  9:52  Zergling x4, Zerg Melee Weapons Level 2, Hydralisk x2, Roach x2  
  88  9:59  Drone  
  93  10:33  Zergling x12  
  93  10:34  Zergling x4  
  93  10:35  Hydralisk x6  
  101  10:40  Roach x11  
  101  10:45  Baneling x11  
  101  11:04  Hydralisk x2  
  101  11:07  Lurker Den  
  101  11:10  Drone  
  101  11:11  Drone x2  
  94  11:44  Hydralisk x3  
  94  11:45  Hydralisk x5  
  89  11:49  Roach x9  
  88  11:54  Baneling  
  88  11:55  Zergling x2  
  88  11:56  Zergling x10  
  88  11:59  Mutalisk x2  
  88  12:00  Mutalisk, Hydralisk x2  
  104  12:01  Roach  
  104  12:02  Roach x2  
  110  12:16  Hive, Hydralisk x8  
  110  12:24  Queen, Baneling x8  
  110  12:25  Baneling x4  
  110  12:36  Hydralisk x7, Corruptor x2  
  110  12:37  Hydralisk x2  
  110  12:41  Roach x12, Lurker x3  
  121  12:46  Baneling  
  121  12:47  Overlord x3  
  121  13:25  Corruptor x2, Hydralisk x2  
  121  13:26  Zergling x2  
  132  13:27  Roach  
  132  13:41  Drone x4  
  133  13:42  Ultralisk Cavern, Overlord x2, Drone  
  133  13:47  Extractor  
  85  14:26  Corruptor, Hydralisk x2, Mutalisk  
  85  14:27  Zergling x2, Corruptor  
  85  14:28  Roach  
  92  14:42  Ultralisk x3  
  101  15:10  Corruptor x2  
  101  15:12  Zergling x8  
  109  15:20  Overlord, Drone x3  
  112  15:51  Extractor  
  112  15:53  Hatchery  
  107  16:36  Chitinous Plating  
  107  16:39  Mutalisk x3  
  113  16:40  Zergling x6  
  105  16:56  Zerg Flyer Weapons Level 1  
  105  17:06  Corruptor x2  
  109  17:17  Drone  
  109  17:18  Drone  
  111  17:30  Corruptor x2  
  111  17:34  Hydralisk x6  
  127  17:51  Spore Crawler  
  126  17:52  Drone x3, Spore Crawler  
  126  17:53  Extractor  
  127  18:00  Overseer x2  
  127  18:11  Zergling x6  
  130  18:17  Zergling x6  
  130  18:18  Roach  
  130  18:19  Zergling x14, Roach  
  145  18:20  Zergling x4  
  146  18:30  Spore Crawler  
  145  18:34  Spore Crawler  
  145  18:40  Spore Crawler  
  143  18:44  Corruptor x2  
  147  18:50  Zerg Flyer Armor Level 1  
  133  19:18  Ultralisk x2  
  133  19:19  Ultralisk  
  133  19:25  Drone  
  133  19:26  Drone x2  
  133  19:30  Roach x2, Mutalisk x2  
  133  19:31  Zergling x2, Hydralisk  
  145  19:33  Hydralisk x5  
  145  19:34  Hydralisk x3  
  147  19:38  Baneling x3, Roach x12  
  147  19:39  Baneling x6  
  147  19:49  Zergling x8  
  147  19:50  Zergling x12  
  157  19:54  Overlord x2  
  153  20:35  Corruptor x3  
  155  20:41  Corruptor  
  161  20:44  Drone  
  161  20:45  Drone x2  
  161  20:48  Extractor  
  161  20:49  Overlord x3  
  117  21:22  Zergling x2  
  117  21:23  Zergling x2  
  110  21:36  Zergling x8  
  114  21:42  Corruptor x3  
  114  21:43  Roach x2  
  114  21:46  Hydralisk  
  114  21:47  Hydralisk x2  
  122  22:33  Spawning Pool  
  122  22:35  Swarm Host  
  122  22:36  Swarm Host  
  127  22:40  Swarm Host x2  
  136  23:03  Drone x3  
  139  23:20  Swarm Host x3  
  148  23:47  Ultralisk x3  
  148  24:02  Hydralisk x3  
  148  24:07  Roach x14  
Show
View Real Time Build Order
Export as new Build Order

capac Terran - Winner!

Build Orders: Reaper Expand, MMM Bio 

Get SALT Encoding   

  12  0:01  SCV  
  13  0:13  SCV  
  14  0:18  Supply Depot  
  14  0:25  SCV  
  15  0:40  SCV  
  15  0:41  Barracks  
  16  0:45  Refinery  
  16  0:52  SCV  
  17  1:06  SCV  
  18  1:18  SCV  
  19  1:30  Orbital Command  
  19  1:31  Reaper  
  20  1:44  Command Center  
  20  1:52  Supply Depot  
  20  1:57  SCV  
  21  2:06  Marine  
  22  2:10  Barracks  
  22  2:17  Factory  
  22  2:19  SCV  
  23  2:39  Barracks Reactor  
  23  2:41  SCV  
  24  2:59  SCV  
  24  3:03  Barracks Tech Lab  
  25  3:06  Orbital Command  
  25  3:10  Factory Tech Lab  
  25  3:11  SCV  
  26  3:15  Refinery  
  26  3:23  SCV  
  26  3:25  Marine x2  
  29  3:29  Marine  
  30  3:38  SCV x2  
  30  3:41  Siege Tank  
  35  3:42  Marine  
  35  3:43  Marine  
  35  3:47  Bunker  
  37  3:50  SCV  
  38  4:00  Starport  
  38  4:01  SCV  
  38  4:02  SCV  
  40  4:14  Engineering Bay  
  40  4:15  Barracks, SCV  
  40  4:16  Marine x3, SCV  
  45  4:17  Barracks  
  45  4:18  Stimpack  
  45  4:24  Refinery  
  45  4:28  SCV  
  45  4:30  Supply Depot  
  46  4:42  Supply Depot, SCV x2  
  46  4:44  Medivac  
  49  4:54  SCV  
  49  4:55  Marine x2  
  53  5:03  Siege Tank  
  56  5:07  Barracks Reactor  
  55  5:16  Marine x3  
  55  5:17  SCV x2  
  60  5:23  Missile Turret  
  60  5:29  Medivac  
  60  5:30  SCV x2  
  60  5:32  Refinery  
  64  5:38  Supply Depot  
  64  5:47  Supply Depot  
  64  5:55  Barracks Reactor  
  64  6:06  Marine x5  
  64  6:10  Supply Depot  
  69  6:15  Widow Mine  
  69  6:17  Viking  
  73  6:21  Combat Shields  
  73  6:23  Marine  
  73  6:24  Marine x3  
  73  6:25  Terran Infantry Weapons Level 1  
  77  6:32  Supply Depot  
  77  6:35  Command Center  
  77  6:38  SCV x2  
  79  6:48  Sensor Tower  
  79  6:50  Viking, SCV  
  82  7:10  Marine x4  
  82  7:11  Marine x2  
  82  7:12  Marauder  
  90  7:21  Starport Reactor  
  90  7:26  Supply Depot  
  90  7:32  Marine x3  
  90  7:33  Marine x2  
  95  7:45  Starport  
  95  7:46  Engineering Bay  
  95  7:51  SCV  
  95  7:52  SCV  
  95  7:53  Armory, Orbital Command  
  97  8:04  SCV  
  98  8:06  SCV  
  98  8:08  Siege Tank  
  102  8:13  Medivac x2  
  102  8:16  SCV  
  102  8:18  SCV  
  108  8:20  Orbital Command  
  108  8:47  Liberator x2  
  108  9:00  Marauder, Marine  
  108  9:01  Marine x5  
  122  9:11  Siege Tank  
  125  9:20  Supply Depot  
  125  9:26  Supply Depot  
  125  9:32  Command Center  
  125  9:40  Starport Reactor  
  125  9:41  Marauder, Marine x3  
  130  9:54  Starport, Sensor Tower  
  130  10:02  Marine  
  130  10:03  Marauder, Marine x3  
  136  10:12  Marine x2  
  138  10:20  Marine  
  139  10:31  Marine  
  139  10:32  Marine  
  141  10:37  Liberator x3  
  141  10:43  Marine x3  
  141  10:44  Marauder  
  155  11:12  Liberator  
  137  11:39  Marine x2  
  127  11:40  Marine x4  
  110  11:58  Liberator x2  
  110  12:05  Marine  
  110  12:06  Marine x5  
  110  12:07  Marine  
  117  12:09  SCV x3  
  117  12:13  Supply Depot  
  117  12:14  Starport Reactor  
  132  12:24  Barracks  
  132  12:25  Barracks  
  132  12:26  Siege Tank  
  137  12:35  Medivac x2  
  135  12:41  Supply Depot  
  141  12:46  Marine  
  141  12:47  Marine x6  
  140  12:55  Liberator x5  
  140  12:56  Missile Turret  
  140  13:00  Missile Turret  
  140  13:04  Marine  
  141  13:06  Planetary Fortress  
  141  13:08  Terran Infantry Weapons Level 2  
  141  13:10  Terran Infantry Armor Level 1, Terran Ship Weapons Level 1  
  156  13:13  Marine  
  156  13:14  Marine x3  
  156  13:19  Refinery  
  160  13:22  Refinery  
  109  14:26  Liberator x3  
  109  14:27  Liberator x3  
  101  14:32  Marine  
  101  14:33  Marine x6  
  121  14:50  Marine  
  121  14:51  Marine x6  
  124  15:08  Marine  
  124  15:09  Marine x6, Liberator x3  
  124  15:11  Siege Tank  
  134  15:23  Missile Turret  
  134  15:26  Marine x7  
  150  15:44  Marine x6  
  150  15:47  Terran Infantry Weapons Level 3, Terran Infantry Armor Level 2  
  156  15:50  Barracks Reactor x2  
  156  16:09  Marine  
  156  16:10  Marauder, Marine x4  
  146  16:31  SCV  
  146  16:32  SCV x2  
  146  16:47  Marine  
  146  16:48  Marine x6  
  146  16:51  Marine x3  
  146  16:52  Marine  
  157  17:05  Marine x2  
  157  17:08  Liberator, Medivac x2  
  159  17:09  Medivac x2  
  167  17:19  Barracks  
  170  17:41  Marine  
  170  17:42  Marine  
  172  17:50  Liberator  
  172  18:00  Terran Ship Weapons Level 2  
  172  18:07  Supply Depot, Refinery x2, Marine x5  
  172  18:08  Barracks Tech Lab  
  172  18:11  Barracks  
  180  18:28  Marine x5  
  185  18:45  Command Center  
  185  18:47  Marauder  
  187  19:00  Liberator x5  
  187  19:01  Liberator  
  160  19:19  Marine  
  160  19:20  Marine x5  
  160  19:21  Marine x4  
  188  19:26  Barracks Tech Lab  
  188  19:32  Supply Depot  
  188  19:36  Supply Depot  
  188  19:42  Liberator  
  188  19:43  Liberator  
  188  19:54  Marauder x2  
  192  20:04  Orbital Command  
  151  21:17  Marine x11  
  117  22:31  Marine  
  117  22:32  Marine x9  
  129  22:38  Marauder  
  129  22:39  Marauder x2  
  133  22:49  Marine  
  133  22:50  Marine x9  
  143  22:57  Orbital Command  
  143  23:00  Marauder x3  
  149  23:07  Marine x6  
  149  23:08  Marine  
  156  23:21  Marauder x2  
  156  23:22  Marauder  
  156  23:24  Liberator x2  
  156  23:25  Liberator x3  
  156  23:26  Liberator  
  162  23:43  Marauder  
  162  23:46  Marauder x2  
  184  24:04  Marauder  
  184  24:07  Marauder x2  
Tags
 
Add a new tag
Caveats
  • Supply blocks, unpowered buildings, or Contaminate may cause inaccurate times.
  • Supply counts are checked every 10 seconds.